 Dungeon Crawl Stone Soup version 0.22-a0-601-gb0ed703 (webtiles) character file.

33 royokou the Conjurer (level 3, -3/19 HPs)
             Began as a Deep Elf Conjurer on July 6, 2018.
             Killed from afar by Natasha (8 damage)
             ... with a magic dart
             ... on level 3 of the Dungeon.
             The game lasted 00:04:54 (1640 turns).

royokou the Conjurer (Deep Elf Conjurer)            Turns: 1640, Time: 00:04:55

Health: -3/19      AC:  3    Str:  5    XL:     3   Next: 12%
Magic:  6/10       EV: 13    Int: 20    God:
Gold:   83         SH:  0    Dex: 15    Spells: 3/9 levels left

rFire    . . .     SeeInvis .   p - +0 dagger
rCold    + . .     Gourm    .   (no shield)
rNeg     . . .     Faith    .   a - +0 robe
rPois    .         Spirit   .   (no helmet)
rElec    .         Reflect  .   (no cloak)
rCorr    .         Harm     .   (no gloves)
MR       .....                  j - +0 pair of boots
Stlth    ++........             (no amulet)
HPRegen  0.06/turn              e - ring of protection from cold
MPRegen  0.12/turn              (no ring)

@: no status effects
A: no striking features
a: no special abilities


You were on level 3 of the Dungeon.
You were not hungry.

You visited 1 branch of the dungeon, and saw 3 of its levels.

You collected 83 gold pieces.

Inventory:

Hand Weapons
 p - a +0 dagger (weapon)
Missiles
 i - 14 sling bullets
Armour
 a - a +0 robe (worn)
 f - a +0 robe
 j - a +0 pair of boots (worn)
 m - a +0 leather armour
Jewellery
 e - a ring of protection from cold (left hand)
Scrolls
 b - a scroll of remove curse {unknown}
 d - a scroll of identify {unknown}
 g - 3 scrolls of teleportation {unknown}
 k - a scroll of fear {unknown}
Potions
 h - 2 potions of flight {unknown}
 l - a potion of heal wounds {unknown}
Comestibles
 c - 6 rations


   Skills:
 - Level 2.8 Dodging
 - Level 3.0 Stealth
 + Level 3.5 Spellcasting
 * Level 4.9 Conjurations


You had 3 spell levels left.
You knew the following spells:

 Your Spells              Type           Power        Failure   Level  Hunger
a - Magic Dart            Conj           ###.         1%          1    None
b - Searing Ray           Conj           ###...       2%          2    ##.....
c - Dazzling Spray        Conj/Hex       ##....       14%         3    ###....

Your spell library contained the following spells:

 Spells                   Type           Power        Failure   Level  Hunger
 Iskenderun's Mystic Bla  Conj           ###.....     19%         4    ####...
 Fulminant Prism          Conj/Hex       ##........   43%         4    ####...
 Force Lance              Conj/Tloc      ##......     43%         4    ####...


Dungeon Overview and Level Annotations

Branches:
Dungeon (3/15)

Altars:
The Shining One

Annotations:
D:3 Natasha


Message History

Casting: Magic Dart (safe; 1% risk of failure)
Confirm with . or Enter, or press ? or * to list all spells.
Aiming: Magic Dart (safe; 1% risk of failure)
Press: ? - help, Shift-Dir - straight line, f - Natasha
Aim: Natasha (severely wounded)
The magic dart hits Natasha.
Natasha is severely wounded.
Natasha claws you!
* * * LOW HITPOINT WARNING * * *
Casting: Magic Dart (safe; 1% risk of failure)
Confirm with . or Enter, or press ? or * to list all spells.
Aiming: Searing Ray (safe; 2% risk of failure)
Press: ? - help, Shift-Dir - straight line, f/p - Natasha
Aim: Natasha (severely wounded)
The searing ray hits Natasha.
Natasha is almost dead. (Press . to maintain the ray.) Natasha casts a spell at you.
The magic dart hits you!
You die...

##.##.# #...#.#
#...#.# #...#.# #
#...#.##.##.
..#####...#.......
..........$....#
.......@..<.#
......h....†...#
..#####?..######
#...# #...# #...#
#...# .....


You could see Natasha.

Vanquished Creatures
  A worm (D:2)
  A leopard gecko (D:3)
  A ball python (D:1)
  3 bats
  A giant cockroach (D:1)
  3 goblins (D:1)
  5 hobgoblins
  2 jackals (D:1)
  3 frilled lizards
  6 kobolds
  3 rats
29 creatures vanquished.

Vanquished Creatures (others)
  4 toadstools (D:1)
4 creatures vanquished.

Grand Total: 33 creatures vanquished

Notes
Turn   | Place    | Note
-------+----------+-------------------------------------------
     0 | D:1      | royokou the Deep Elf Conjurer began the quest for the Orb.
     0 | D:1      | Reached XP level 1. HP: 10/10 MP: 6/6
   282 | D:1      | Reached XP level 2. HP: 15/15 MP: 5/8
   286 | D:1      | Learned a level 2 spell: Searing Ray
   983 | D:2      | Found a glowing golden altar of the Shining One.
  1478 | D:2      | Reached XP level 3. HP: 19/19 MP: 6/9
  1512 | D:2      | Learned a level 3 spell: Dazzling Spray
  1633 | D:3      | Noticed Natasha
  1640 | D:3      | Killed from afar by Natasha

Vault maps used:
D:1:      ldierk_walled_garden_2, minmay_tetromino_o2
D:2:      tso_metal_star, fountainhead
D:3:      makhleb_altar_promises_db, chequers_temple_overflow_statue_of_worship,
          gup_sewer_entry_glass, serial_bayou_crossing, uniq_natasha

Skill      XL: |  1  2  3 |
---------------+----------+-----
Stealth        | 3 |  3.0
Dodging        | |  2.8
Spellcasting   | |  3.5
Conjurations   | |  4.9

Action                   || total
-------------------------++-------
Melee: Dagger            ||    18
 Cast: Magic Dart        ||    50
       Searing Ray       ||     4
 Stab: Sleeping          ||     2
  Eat: Chunk             ||     2
Armor: Robe              ||     2
Dodge: Dodged            ||    13

Table legend:
 A = Spawn XP
 B = Non-spawn XP
 C = Spawn XP percentage of total XP
 D = Spawn monster count
 E = Non-spawn monster count
 F = Spawn count percentage of total count
 G = Total turns spent on level
                    A         B        C        D         E        F      G
               +---------+---------+-------+---------+---------+-------+---------
         Total |       0 |      48 |   0.0 |       0 |      29 |   0.0 |  1640
               +---------+---------+-------+---------+---------+-------+---------
           D:1 |       0 |      24 |   0.0 |       0 |      15 |   0.0 |   899
           D:2 |       0 |      21 |   0.0 |       0 |      13 |   0.0 |   734
           D:3 |       0 |       3 |   0.0 |       0 |       1 |   0.0 |     7
               +---------+---------+-------+---------+---------+-------+---------
